 Dungeon Crawl Stone Soup version 0.15.0-27-gbdb0435 (webtiles) character file.

142 Kashira the Magician (level 5, 0/42 HPs)
             Began as a Naga Wizard on Sept 11, 2014.
             Was an Initiate of Cheibriados.
             Slain by hackum's ghost (7 damage)
             ... on Level 4 of the Dungeon.
             The game lasted 00:15:39 (3249 turns).

Kashira the Magician (Naga Wizard)                  Turns: 3249, Time: 00:15:39

HP   0/42        AC  7     Str 11      XL: 5   Next: 24%
MP   1/13        EV  8     Int 20      God: Cheibriados [......]
Gold 168         SH  2     Dex  8      Spells:  5 memorised,  2 levels left

rFire  . . .     SeeInvis +     h - +1 mace
rCold  . . .     Clarity  .     n - +0 leather armour
rNeg   . . .     rCorr    .     v - +0 buckler
rPois  +         rRot     .     m - +0 helmet
rElec  .         Spirit   .     o - +1 cloak
SustAb .         Warding  .     g - +0 pair of gloves
rMut   .         Stasis   .     (no barding)
Gourm  .                        (no amulet)
MR     .....                    (no ring)
                                (no ring)

@: exhausted, slowed, repel missiles, very slow, not resistant to hostile
enchantments, unstealthy
A: spit poison, claws 1, see invisible, clumsy 1, deformed body, poison
resistance, slowness 2, placid magic 1, AC +1
a: Spit Poison, Bend Time, Renounce Religion


You were on level 4 of the Dungeon.
You worshipped Cheibriados.
Cheibriados was noncommittal.
You were very hungry.

You visited 1 branch of the dungeon, and saw 4 of its levels.

You collected 168 gold pieces.

Inventory:

Hand weapons
 h - a +1 mace (weapon)
Armour
 b - a +0 hat
 g - a +0 pair of gloves (worn)
 m - a +0 helmet (worn)
 n - a +0 leather armour (worn)
 o - a +1 cloak (worn)
 v - a +0 buckler (worn)
Comestibles
 d - 6 bread rations
 k - 3 meat rations
 x - 3 fruits
Scrolls
 e - 2 scrolls of enchant weapon
 f - 3 scrolls of identify
 r - a scroll of remove curse
Jewellery
 y - an uncursed ring of protection from magic {unknown}
Potions
 i - 4 potions of brilliance
Books
 c - a book of Minor Magic

   Spells                             Type                      Level
   *Magic Dart                        Conjuration                  1
   *Blink                             Translocation                2
   Call Imp                           Summoning                    2
   *Repel Missiles                    Charms/Air                   2
   Slow                               Hexes                        2
   *Conjure Flame                     Conjuration/Fire             3
   *Mephitic Cloud                    Conjuration/Poison/Air       3
 u - a book of Clouds

   Spells                             Type                      Level
   *Mephitic Cloud                    Conjuration/Poison/Air       3
   *Conjure Flame                     Conjuration/Fire             3
   Poisonous Cloud                    Conjuration/Poison/Air       6
   Freezing Cloud                     Conjuration/Ice/Air          6
   Ring of Flames                     Charms/Fire                  7


   Skills:
 + Level 0.2 Fighting
 + Level 2.2 Dodging
 - Level 3.0 Stealth
 + Level 4.6 Spellcasting
 + Level 2.1 Conjurations
   Level 1.0 Summonings
 + Level 1.0 Translocations
 * Level 0.6 Air Magic


You had 2 spell levels left.
You knew the following spells:

 Your Spells              Type           Power        Failure   Level  Hunger
a - Magic Dart            Conj           #...         5%          1    None
b - Mephitic Cloud        Conj/Pois/Air  #.......     28%         3    ###....
c - Conjure Flame         Conj/Fire      #.......     28%         3    ###....
d - Blink                 Tloc           N/A          11%         2    #......
e - Repel Missiles        Chrm/Air       #.....       21%         2    #......


Dungeon Overview and Level Annotations

Branches:
Dungeon (4/15)
 Temple: D:4-7

Altars:
Cheibriados

Shops:
D:4 %

Annotations:
D:4 hackum's ghost, average HaFi


Innate Abilities, Weirdness & Mutations

You cannot wear boots.
You can spit poison.
Your serpentine skin is tough (AC +1).
You have supernaturally acute eyesight.
Armour fits poorly on your strangely shaped body.
Your system is resistant to poisons.
You cover ground very slowly.
You have sharp fingernails.
You are clumsy. (Dex -2)
Your spells are a little easier to cast, but a little less powerful.


Message History

Hackum's ghost is heavily damaged.
Hackum's ghost closely misses you.
Hackum's ghost hits you but does no damage.
You barely miss hackum's ghost.
Hackum's ghost is heavily damaged.
You are no longer berserk.
You are exhausted.
You feel yourself slow down.
You are feeling very hungry.
Hackum's ghost hits you but does no damage.
Read which item? (? for menu, Esc to quit)
Okay, then.
Casting: Magic Dart
Confirm with . or Enter, or press ? or * to list all spells.
You blink.
Hackum's ghost hits you but does no damage.
Hackum's ghost hits you!
* * * LOW HITPOINT WARNING * * *
Hackum's ghost hits you!
You die...

....##..... #...+.....#..........
...........###+##.....###+##+##'#
...........#.....................
...........'...............!.....
...........#.....................
..!.####+###.....................
....#....(.......................
....#..........W.................
....#...........@................
....+............................
+### ...........................
. ##+######'#######'#####....
..... #................+....
......+ #................#....
......# ...'................#....
.....##...##...............#....
+#.....#...##.......#####'###....


You could see hackum's ghost.

Vanquished Creatures
  An orc wizard (D:3)
  5 adders
  An adder skeleton (D:4)
  2 giant geckos
  An ooze (D:1)
  2 orcs (D:3)
  6 bats
  4 giant cockroaches (D:2)
  6 goblins
  9 hobgoblins
  3 ball pythons
  5 giant newts
  A giant newt skeleton (D:4)
  8 jackals
  5 kobolds
  6 rats
65 creatures vanquished.

Notes
Turn   | Place    | Note
--------------------------------------------------------------
     0 | D:1      | Kashira, the Naga Wizard, began the quest for the Orb.
     0 | D:1      | Reached XP level 1. HP: 15/15 MP: 4/4
   168 | D:1      | Reached XP level 2. HP: 20/22 MP: 3/6
   929 | D:2      | Reached XP level 3. HP: 24/28 MP: 5/8
   934 | D:2      | Learned a level 3 spell: Mephitic Cloud
  1094 | D:2      | Reached skill level 4 in Spellcasting
  1352 | D:2      | Learned a level 3 spell: Conjure Flame
  1355 | D:2      | Learned a level 2 spell: Blink
  1397 | D:2      | Reached XP level 4. HP: 36/36 MP: 9/11
  1401 | D:2      | Learned a level 2 spell: Repel Missiles
  2160 | D:3      | Reached XP level 5. HP: 31/42 MP: 0/13
  2503 | D:4      | Found Phanept's Food Shop.
  2749 | D:4      | Noticed hackum's ghost (average HaFi)
  2771 | D:4      | Gained mutation: You have sharp fingernails. [potion of mutation]
  2771 | D:4      | Gained mutation: Your spells are a little easier to cast, but a little less powerful. [potion of mutation]
  2771 | D:4      | Gained mutation: You are clumsy. (Dex -2) [potion of mutation]
  2802 | D:4      | HP: 1/42 [hackum's ghost (4)]
  3103 | D:4      | Found a snail-covered altar of Cheibriados.
  3112 | D:4      | Became a worshipper of Cheibriados the Contemplative
  3249 | D:4      | Slain by hackum's ghost

Action                   |  1- 3 |  4- 6 || total
-------------------------+-------+-------++-------
Melee: Club              |     3 |       ||     3
       Mace              |     3 |    34 ||    37
 Cast: Magic Dart        |    67 |    77 ||   144
       Repel Missiles    |       |     1 ||     1
       Blink             |       |     7 ||     7
       Conjure Flame     |       |     2 ||     2
 Abil: Spit Poison       |    31 |    14 ||    45
  Use: Scroll            |       |     7 ||     7
       Potion            |       |     7 ||     7
  Eat: Chunk             |     3 |     5 ||     8
       Beef jerky        |       |     1 ||     1
